 Dungeon Crawl Stone Soup version 0.29-a0-775-g4d7333d4e2 (webtiles) character file.

Game seed: 7841628416714370154

46 buhh the Insei (level 3, -2/25 HPs)
             Began as an Octopode Transmuter on July 2, 2022.
             Succumbed to an adder's poison
             ... on level 2 of the Dungeon.
             The game lasted 00:01:45 (1383 turns).

buhh the Insei (Octopode Transmuter)                Turns: 1383, Time: 00:01:46

Health: -2/25      AC:  1    Str:  6 (9)  XL:     3   Next: 66%
Magic:  5/6        EV: 13    Int: 15 (17) God:
Gold:   58         SH:  0    Dex: 10 (12) Spells: 5/6 levels left

rFire   . . .      SeeInvis .     - Unarmed
rCold   . . .      Faith    .   (no shield)
rNeg    . . .      Spirit   .   (helmet currently unavailable)
rPois   .          Reflect  .   (no amulet)
rElec   .          Harm     .   (no ring)
rCorr   .          Rampage  .   (no ring)
Will    .....                   (no ring)
Stlth   +++.......              (no ring)
HPRegen 0.08/turn               (no ring)
MPRegen 0.10/turn               (no ring)
                                (no ring)
                                (no ring)

@: lethally poisoned (-2 -> -17), appendages
A: tentacle spike 3, almost no armour, amphibious, 8 rings, camouflage 1,
gelatinous body 1, (nimble swimmer 1), tentacles
a: End Transformation


You were on level 2 of the Dungeon.
One of your tentacles had grown a beastly spike.
You visited 1 branch of the dungeon, and saw 2 of its levels.

You collected 58 gold pieces.

Inventory:

Scrolls
 h - a scroll of vulnerability {unknown}
 t - a scroll of teleportation {!d}
 F - 2 scrolls of enchant weapon
 R - a scroll of torment
Potions
 d - a potion of curing {unknown}
 e - a potion of invisibility {unknown}


   Skills:
 + Level 2.8 Fighting
 - Level 2.0 Dodging
 - Level 2.0 Stealth
 * Level 3.2 Unarmed Combat
 - Level 2.0 Spellcasting
 - Level 2.0 Transmutations


You had 5 spell levels left.
You knew the following spells:

 Your Spells              Type           Power      Damage    Failure   Level
a - Beastly Appendage     Tmut           14%        N/A       10%         1

Your spell library contained the following spells:

 Spells                   Type           Power      Damage    Failure   Level
 Wereblood                Tmut           7%         N/A       14%         2
 Spider Form              Tmut/Pois      4%         N/A       41%         3
 Ice Form                 Ice/Tmut       4%         N/A       82%         4


Dungeon Overview and Level Annotations

Branches:
Dungeon (2/15) Zot: 10620

Altars:


Innate Abilities, Weirdness & Mutations

One of your tentacles has grown a beastly spike.
You cannot wear most types of armour.
You are amphibious.
You can wear up to eight rings at the same time.
Your skin changes colour to match your surroundings (Stealth+).
Your rubbery body absorbs attacks. (AC +1, EV +1)
((You are camouflaged when in or above water. (Stealth+)))
You have tentacles for arms and can constrict up to eight enemies at once.


Message History

Your tentacle spike disappears.
HP restored.
Items here: ( ) ÷÷÷.
Key pressed, stopping explore.
An adder comes into view.
An adder is nearby!
One of your tentacles grows a vicious spike.
The adder hisses angrily.
The adder bites you.
You barely miss the adder. Your grab misses the adder. The adder bites you.
You are poisoned.
The adder poisons you!
You miss the adder. You grab the adder. You constrict the adder.
You feel sick. The adder bites you.
You tentacle-slap the adder but do no damage.
You pierce the adder, but do no damage.
The adder is lightly wounded.
You constrict the adder.
You feel sick. The adder bites you.
You are too injured to fight recklessly!
You tentacle-slap the adder.
The adder is heavily wounded.
You constrict the adder, but do no damage.
You feel sick. The adder bites you.
You are lethally poisoned!
The adder poisons you!
You tentacle-slap the adder.
The adder is severely wounded.
You constrict the adder.
* * * LOW HITPOINT WARNING * * *
You feel sick. The adder bites you.
* * * LOW HITPOINT WARNING * * *
The adder bites you.
* * * LOW HITPOINT WARNING * * *
You are more poisoned.
The adder poisons you!
It was a potion of degeneration.
There was something very wrong with that liquid.
You feel weakened.
You feel dopey.
You feel clumsy.
You constrict the adder.
You die...

##§.≈### ≈≈≈≈.≈≈≈
...§§.. § #..
§§.≈≈ ≈≈ #.. #§§≈#
≈# #..≈ #≈.≈# .≈#
#..≈###≈.§###≈.≈##
#..≈§§≈≈.§§≈≈§.≈≈§
#....§§§..@S......
#.###§..#........#
#......###.......#
#######.#.########
####..#####.
#..(.......♣
#<##..#.P.≈.
#†##....≈≈.≈
#.##....≈≈≈≈


You could see an adder.

Vanquished Creatures
  An adder (D:2)
  A bat (D:1)
  6 endoplasms (D:1)
  A giant cockroach (D:1)
  6 hobgoblins
  3 quokkas (D:1)
  A ball python (D:1)
  2 frilled lizards (D:2)
  3 goblins (D:1)
  6 kobolds
  A rat (D:1)
31 creatures vanquished.

Notes
Turn   | Place    | Note
-------+----------+-------------------------------------------
     0 | D:1      | buhh the Octopode Transmuter began the quest for the Orb.
     0 | D:1      | Reached XP level 1. HP: 13/13 MP: 3/3
   116 | D:1      | Reached XP level 2. HP: 18/18 MP: 3/5
   858 | D:1      | Reached XP level 3. HP: 23/25 MP: 4/6
  1382 | D:2      | HP: 1/25 [adder (1)]
  1383 | D:2      | Succumbed to an adder's poison

Illustrated notes

Levels and vault maps discovered:
D:1:      saegor_arrival_miasma, layout_basic
D:2:      layout_loops_cross, chequers_ecumenical_altar_lobes,
          nicolae_kite_square_tiling_tiny, serial_bayou_pond_b,
          kennysheep_boxes, uniq_crazy_yiuf_cottage

Skill      XL: |  1  2 |
---------------+-------+-----
Stealth        | 1 2 |  2.0
Fighting       | 2 |  2.8
Dodging        | |  2.0
Unarmed Combat | |  3.2
Spellcasting   | |  2.0
Transmutations | |  2.0

Action                   || total
-------------------------++-------
Melee: Unarmed           ||    78
       Kick              ||    18
       Constrict         ||    20
       Tentacles         ||    10
       Punch             ||     1
 Cast: Beastly Appendage ||    14
  Use: Potion            ||     2
       Scroll            ||     3
 Stab: Sleeping          ||     1
Armor: Skin              ||    11
Dodge: Dodged            ||    42

Table legend: (Time is in decaauts)
 A = Elapsed time spent in this place.
 B = Non-inter-level travel time spent in this place.
 C = Inter-level travel time spent in this place.
 D = Time resting spent in this place.
 E = Time spent auto-exploring this place.
 F = Levels seen in this place.
 G = Mean time per level.
                   A        B        C        D        E       F      G
               +--------+--------+--------+--------+--------+-----+--------+
         Total |   1379 |   1371 |      8 |    543 |    652 |   2 |  689.5 |
       Dungeon |   1379 |   1371 |      8 |    543 |    652 |   2 |  689.5 |
               +--------+--------+--------+--------+--------+-----+--------+

Top non-repeatable levels by time:
     D:1: 1282 daAuts
     D:2: 97 daAuts
